 Dungeon Crawl Stone Soup version 0.17-a0-1763-g847a857 (webtiles) character file.

13006 KambridgeKobold the Bludgeoner (level 12, -3/130 HPs)
             Began as an Ogre Berserker on Sept 4, 2015.
             Was a High Priest of Trog.
             Slain by a skeletal warrior
             ... wielding a cursed -3 glaive
              (7 damage)
             ... on level 12 of the Dungeon.
             The game lasted 00:48:09 (12163 turns).

KambridgeKobold the Bludgeoner (Ogre Berserker)    Turns: 12163, Time: 00:48:10

Health: -3/130     AC:  8    Str: 27    XL:     12   Next: 1%
Magic:  14/15      EV: 15    Int:  8    God:    Trog [*****.]
Gold:   255        SH:  0    Dex: 13    Spells: 0 memorised, 11 levels left

rFire  . . .     SeeInvis .     D - +0 giant club
rCold  . . .     Clarity  .     x - +2 robe {MR+}
rNeg   . . .     SustAt   .     (no shield)
rPois  +         Gourm    .     (helmet restricted)
rElec  +         Spirit   .     (no cloak)
rCorr  .         Warding  .     (gloves unavailable)
rMut   .         Stasis   .     (boots unavailable)
MR     +++++                    L - amulet of regeneration
Stlth  +.........               (no ring)
                                z - ring of Ighips {rElec rPois MR+ AC+3}

@: regenerating, almost entirely resistant to hostile enchantments, very
unstealthy
A: unfitting armour, agile 1, sense surroundings 1, strong 1, tough skin 1
a: Burn Spellbooks, Berserk, Trog's Hand, Brothers in Arms, Renounce Religion


You were on level 12 of the Dungeon.
You worshipped Trog.
Trog was extremely pleased with you.
You were very hungry.

You visited 2 branches of the dungeon, and saw 13 of its levels.
You also visited: Sewer.

You collected 829 gold pieces.
You spent 574 gold pieces at shops.

Inventory:

Hand weapons
 a - a +1 mace
 u - a +0 flail
 v - a +1 whip of freezing
 y - a +1 whip of electrocution
 B - a +0 giant spiked club
 D - a +0 giant club (weapon)
 G - a +2 flail of crushing
 V - a +1 great mace of protection
Missiles
 n - 19 tomahawks (quivered)
 w - 2 throwing nets
Armour
 b - a +0 animal skin
 q - a +0 troll leather armour {Purgy}
 x - a +2 robe of magic resistance (worn)
 N - a troll hide
Jewellery
 z - the ring of Ighips (left hand) {rElec rPois MR+ AC+3}
   (You found it on level 5 of the Dungeon)

   [ring of protection]

   It affects your AC (+3).
   It insulates you from electricity.
   It protects you from poison.
   It affects your resistance to hostile enchantments.
 I - a +4 ring of intelligence {unknown}
 K - an uncursed amulet of the gourmand
 L - an amulet of regeneration (around neck)
 Q - an uncursed ring of fire
 S - an uncursed ring of ice
Magical devices
 j - a wand of polymorph (10)
 R - a wand of frost (26)
 U - a wand of magic darts (33)
 X - a wand of disintegration (14)
Scrolls
 e - a scroll of magic mapping
 g - 4 scrolls of remove curse
 k - a scroll of enchant weapon
 E - 2 scrolls of fog
 F - a scroll of vulnerability {unknown}
 H - a scroll of random uselessness {unknown}
 O - a scroll of amnesia {unknown}
 Y - a scroll of identify
 Z - a scroll of teleportation
Potions
 d - 5 potions of curing
 f - 3 potions of flight
 i - 3 potions of might
 m - 2 potions of agility
 o - 3 potions of degeneration
 t - a potion of invisibility
 A - 3 potions of poison
 J - a potion of heal wounds
 M - a potion of cure mutation
 T - a potion of brilliance
 W - a potion of lignification {unknown}
Books
 p - a book of the Tempests

   Spells                             Type                      Level
   a - Static Discharge               Conjuration/Air              3
   b - Lightning Bolt                 Conjuration/Air              5
   c - Fireball                       Conjuration/Fire             5
   d - Tornado                        Air                          9
   e - Shatter                        Earth                        9
   Trog disapproves of the use of such an item.
 s - a book of the Warp

   Spells                             Type                      Level
   a - Recall                         Summoning/Translocation      3
   b - Gell's Gravitas                Hexes/Translocation          3
   c - Force Lance                    Conjuration/Translocation    4
   d - Phase Shift                    Translocation                5
   e - Warp Weapon                    Charms/Translocation         5
   f - Summon Forest                  Summoning/Translocation      5
   Trog disapproves of the use of such an item.
 P - a book of Spatial Translocations

   Spells                             Type                      Level
   a - Apportation                    Translocation                1
   b - Blink                          Translocation                2
   c - Shroud of Golubria             Charms/Translocation         2
   d - Portal Projectile              Translocation                3
   e - Teleport Other                 Translocation                3
   f - Passage of Golubria            Translocation                4
   Trog disapproves of the use of such an item.
Comestibles
 c - 11 bread rations
 h - 5 meat rations
 l - a beef jerky
 r - 4 chunks of flesh
 C - a slice of pizza


   Skills:
 + Level 11.1 Fighting
 + Level 15.1 Maces & Flails
 - Level 10.7 Dodging
 + Level 4.0 Evocations


You had 11 spell levels left.
You didn't know any spells.

Dungeon Overview and Level Annotations

Branches:
Dungeon (12/15)            Temple (1/1) D:5            Lair (0/8) D:9
    Orc (0/4) D:12

Altars:
Ashenzari
Cheibriados
Dithmenos
Elyvilon
Fedhas
Gozag
Kikubaaqudgha
Makhleb
Nemelex Xobeh
Okawaru
Qazlal
Ru
Sif Muna
Trog
Vehumet
Xom
Yredelemnul
Zin
The Shining One

Shops:
D:8 !   D:9 :   D:10 *%


Innate Abilities, Weirdness & Mutations

You are too large for most types of armour.
You have tough skin (AC +1).
You are agile. (Dex +2)
You passively map a small area around you.
Your muscles are strong. (Str +2)


Message History

You see here a trident. 2 skeletal warriors come into view.
A skeletal warrior comes into view. It is wielding a battleaxe.
The skeletal warrior hits you but does no damage.
The skeletal warrior closely misses you.
The skeletal warrior barely misses you.
The skeletal warrior hits you but does no damage.
The skeletal warrior hits you with a battleaxe!
The skeletal warrior hits you from afar with a glaive!!
* * * LOW HITPOINT WARNING * * *
You hear two shouts!
Found a flail.
Use which ability?
Your skin crawls.
You feel resistant to hostile enchantments.
You are feeling very hungry.
The skeletal warrior hits you with a scimitar!
* * * LOW HITPOINT WARNING * * *
The skeletal warrior hits you from afar with a glaive!
You die...

,,,#.......#,,,,,,*,,,,,,,,,,*
,,,#.......#,,,,,,*,,,,,,,,,,*
,,,+.......#,,,,,,*,,,,.,,,,,*
#,,#.......#,,,,,,*,,,..,,,,,*
####.......#,,,,,,*,,...,,,,,*
.........))#,,,,,,*,....,,,,,*
...........########.....,*****
########......z.........,*
#,,,,,,#.......z@......),*
#,,,,,,+.......z######..,*
,,,,,,,#.(......#,,,,*,,,*
,,,,,,,#........#,,,,*,,,*
,,,,,,,#........#,,,,*,,,*
,,,,,,,#........#,,,,*,,,*****
,,,,,,,#........#,,,,*,,,,,,,*
,,,,,,,#........#*,,,*,,,,,,,*
,,,,,,,*,,,,,,,,,+,,,**,,,,,,*


You could see 3 skeletal warriors.

Vanquished Creatures
  Maud (D:12)
  Fannar (D:10)
  An unseen horror (D:11)
  2 skeletal warriors (D:12)
  A flayed ghost (D:9)
  Pikel (D:5)
  A hill giant (D:11)
  Joseph (D:7)
  A kobold demonologist (D:9)
  A troll (D:9)
  Grinder (D:3)
  A spriggan (D:7)
  5 wraiths (D:9)
  8 yaks
  2 wyverns
  A steam dragon (D:12)
  A hippogriff (D:9)
  3 orc warriors
  Purgy (Sewer)
  3 sky beasts
  An ice beast (D:12)
  5 ogres
  A necrophage (D:10)
  4 phantoms
  A crocodile (D:11)
  3 big kobolds
  8 centaurs
  A wyvern zombie (D:9)
  A gnoll sergeant (D:8)
  A scorpion (D:6)
  3 killer bees (D:8)
  4 jellies
  A centaur skeleton (D:4)
  A centaur zombie (D:11)
  2 crimson imps
  7 hounds
  3 giant frog zombies
  5 orc priests
  2 giant frog skeletons
  3 iguanas
  5 worker ants
  9 orc wizards
  A hound skeleton (D:4)
  A worker ant zombie (D:7)
  7 gnolls
  4 shadow imps
  17 adders
  An adder zombie (D:5)
  2 worms
  An adder skeleton (D:7)
  11 giant geckos
  38 orcs
  5 giant cockroaches
  10 goblins
  13 hobgoblins
  3 quokkas
  2 ball pythons
  20 bats
  A giant gecko skeleton (D:6)
  4 giant newts
  A goblin zombie (D:9)
  3 hobgoblin zombies (D:9)
  A jackal skeleton (D:4)
  18 kobolds
  2 kobold skeletons (D:9)
  An orc skeleton (D:9)
  An orc zombie (D:9)
  4 rats
  A fungus (D:9)
281 creatures vanquished.

Vanquished Creatures (others)
  An orc priest (D:5)
  6 orcs (D:5)
  A hobgoblin (D:1)
  A ball python (D:5)
9 creatures vanquished.

Grand Total: 290 creatures vanquished

Notes
Turn   | Place    | Note
--------------------------------------------------------------
     0 | D:1      | KambridgeKobold the Ogre Berserker began the quest for the Orb.
     0 | D:1      | Reached XP level 1. HP: 24/24 MP: 1/1
   125 | D:1      | Reached XP level 2. HP: 20/32 MP: 2/2
   472 | D:1      | Reached XP level 3. HP: 21/39 MP: 3/3
   657 | D:1      | Acquired Trog's second power
  1531 | D:2      | Reached XP level 4. HP: 40/49 MP: 4/4
  2018 | D:3      | Noticed Grinder
  2022 | D:3      | Found a glowing drain.
  2024 | D:3      | Paralysed by Grinder for 2 turns
  2038 | Sewer    | Entered a sewer
  2294 | Sewer    | Noticed Purgy
  2304 | Sewer    | Killed Purgy
  2304 | Sewer    | Reached skill level 5 in Fighting
  2304 | Sewer    | Reached skill level 5 in Maces & Flails
  2304 | Sewer    | Reached XP level 5. HP: 51/57 MP: 5/5
  2501 | Sewer    | Noticed a big kobold
  2509 | Sewer    | Killed a big kobold
  2509 | Sewer    | Reached XP level 6. HP: 31/67 MP: 6/6
  2767 | D:3      | Killed Grinder
  2767 | D:3      | Reached skill level 6 in Fighting
  2767 | D:3      | Reached skill level 5 in Dodging
  2767 | D:3      | Reached XP level 7. HP: 60/76 MP: 7/7
  3028 | D:3      | Found a snail-covered altar of Cheibriados.
  3530 | D:3      | Found a burning altar of Makhleb.
  4181 | D:4      | Found a glowing silver altar of Zin.
  4298 | D:5      | Entered Level 5 of the Dungeon
  4300 | D:5      | Noticed Pikel
  4305 | D:5      | Reached skill level 7 in Fighting
  4314 | D:5      | Killed Pikel
  4314 | D:5      | Reached skill level 8 in Fighting
  4314 | D:5      | Reached XP level 8. HP: 23/88 MP: 8/8
  4859 | D:5      | Found a staircase to the Ecumenical Temple.
  4980 | D:5      | Got a steaming lapis lazuli ring
  4982 | D:5      | Identified the ring of Ighips {rElec rPois MR+ AC+3} (You found it on level 5 of the Dungeon)
  5514 | Temple   | Entered the Ecumenical Temple
  6236 | D:6      | Reached skill level 9 in Fighting
  6333 | D:6      | Reached XP level 9. HP: 57/98 MP: 9/9
  6967 | D:7      | Found a shattered altar of Ashenzari.
  7293 | D:7      | Noticed Joseph
  7306 | D:7      | Killed Joseph
  7306 | D:7      | Reached skill level 10 in Maces & Flails
  7584 | D:7      | Acquired Trog's third power
  7715 | D:7      | Gained mutation: You are dopey. (Int -2) [mutagenic meat]
  7716 | D:7      | Gained mutation: You are agile. (Dex +2) [mutagenic meat]
  7999 | D:7      | Reached skill level 11 in Maces & Flails
  8391 | D:7      | Reached XP level 10. HP: 74/107 MP: 10/10
  8955 | D:8      | Found Udghimauph's Distillery.
  8962 | D:8      | Bought a potion of poison for 12 gold pieces
  8962 | D:8      | Bought a potion of mutation for 30 gold pieces
  8962 | D:8      | Bought a potion of cure mutation for 420 gold pieces
  8962 | D:8      | Gained mutation: Your muscles are strong. (Str +2) [potion of mutation]
  8962 | D:8      | Gained mutation: You passively map a small area around you. [potion of mutation]
  8962 | D:8      | Lost mutation: You are dopey. (Int -2) [potion of mutation]
  9014 | D:8      | You fall through a shaft!
  9054 | D:9      | Found a staircase to the Lair.
  9153 | D:9      | Found a glowing golden altar of the Shining One.
  9166 | D:9      | Reached skill level 12 in Maces & Flails
  9195 | D:9      | Found Hecvax's Book Shoppe.
  9420 | D:9      | Found a runed door.
  9440 | D:9      | Found a blossoming altar of Fedhas.
  9450 | D:9      | Found a deep blue altar of Sif Muna.
  9540 | D:9      | Found a shimmering altar of Xom.
  9575 | D:9      | Found a radiant altar of Vehumet.
  9607 | D:9      | Found an opulent altar of Gozag.
  9619 | D:9      | Found a snail-covered altar of Cheibriados.
  9885 | D:9      | Noticed a sixfirhy
  9889 | D:9      | Noticed a rust devil
  9974 | D:9      | Reached skill level 13 in Maces & Flails
 10037 | D:9      | Reached skill level 10 in Dodging
 10131 | D:9      | Noticed a flayed ghost
 10136 | D:9      | Killed a flayed ghost
 10358 | D:8      | Found an iron altar of Okawaru.
 10358 | D:8      | Found a sacrificial altar of Ru.
 10489 | D:10     | Entered Level 10 of the Dungeon
 10497 | D:10     | Reached XP level 11. HP: 115/115 MP: 11/11
 10556 | D:10     | Reached skill level 14 in Maces & Flails
 10686 | D:10     | Noticed Fannar
 10703 | D:10     | Killed Fannar
 10703 | D:10     | Reached skill level 1 in Evocations
 10788 | D:10     | Found Uvvub's General Store.
 10855 | D:10     | Found Ciploget's Food Boutique.
 11034 | D:10     | Bought a scroll of identify for 28 gold pieces
 11034 | D:10     | Bought 2 scrolls of identify for 56 gold pieces
 11034 | D:10     | Bought a scroll of identify for 28 gold pieces
 11282 | D:11     | Noticed a hill giant
 11289 | D:11     | Killed a hill giant
 11463 | D:11     | Reached skill level 10 in Fighting
 11911 | D:12     | Found a staircase to the Orcish Mines.
 11915 | D:12     | Noticed Maud
 11961 | D:11     | Killed an unseen horror
 12085 | D:12     | Killed Maud
 12085 | D:12     | Reached skill level 15 in Maces & Flails
 12131 | D:12     | Noticed a skeletal warrior
 12137 | D:12     | Noticed a skeletal warrior
 12145 | D:12     | Killed a skeletal warrior
 12153 | D:12     | Killed a skeletal warrior
 12153 | D:12     | Reached XP level 12. HP: 52/130 MP: 13/15
 12156 | D:12     | Noticed a skeletal warrior
 12156 | D:12     | Noticed a skeletal warrior
 12157 | D:12     | Noticed a skeletal warrior
 12163 | D:12     | HP: 4/130 [skeletal warrior/scimitar (16)]
 12163 | D:12     | Slain by a skeletal warrior

Vault maps used:
D:1:      lightli_arrival_quake
D:2:      first_bread
D:3:      cheibriados_altar_1, portal_sewer_entry_f, st_stairs_3,
          kennysheep_another_room, makhleb_blood_cavern_becter, uniq_grinder
D:4:      lemuel_doored_altar
D:5:      temple_hall, serial_corexii_hall, corexii_hall_statues_i,
          corexii_hall_statues_u, corexii_hall_statues_i,
          corexii_hall_statues_t, corexii_checkpoint_a, uniq_pikel
D:6:      grunt_ministairs_6
D:7:      ashenzari_altar_1, the_bakery, uniq_joseph
D:8:      gammafunk_temple_overflow_statue, serial_shops,
          nicolae_shop_statue_plus
D:9:      due_megacathedral, dpeg_oklobed_lair, serial_shops, shop,
          nicolae_tso_besieged_by_evil
D:10:     serial_shops, nicolae_shop_waterfront, nicolae_shop_statue_plus,
          uniq_fannar
D:12:     orc_0_dummy, portal_ice_cave_entry_ice_beasts, uniq_maud
Temple:   minmay_temple_curvy_14
Sewer:    kennysheep_door_sewer

Action                   |  1- 3 |  4- 6 |  7- 9 | 10-12 || total
-------------------------+-------+-------+-------+-------++-------
Melee: Mace              |   106 |    68 |   125 |       ||   299
       Whip              |       |       |   185 |       ||   185
       Flail             |       |       |   127 |    78 ||   205
       Giant club        |       |       |       |   309 ||   309
Throw: Tomahawk          |       |       |     4 |       ||     4
Invok: Berserk           |     1 |     2 |     2 |     3 ||     8
       Trog's Hand       |       |     1 |     2 |     3 ||     6
  Use: Scroll            |       |       |     9 |     9 ||    18
       Potion            |       |       |       |     1 ||     1
 Stab: Sleeping          |       |       |     1 |       ||     1
       Distracted        |       |       |       |     1 ||     1
  Eat: Chunk             |     3 |     5 |    23 |    19 ||    50
